| TOP OF THE 1ST |
|
Brockton Rox batting - Pitching for Southern Maryland Blue Crabs : RHP Mark Lloyd
|
|
Pitching: RHP Mark Lloyd
|
|
|
Batting: RHB Sal Rivera
|
0-0: Ball 1-0: Ground out 5-3 (Groundball, 56S, EV 87.5 MPH)
|
|
Batting: RHB Ted Emmerich
|
0-0: Foul Ball, location: 2F 0-1: Called Strike 0-2: Ball 1-2: Foul Ball, location: 2F 1-2: Ground out 5-3 (Groundball, 5L, EV 103.8 MPH)
|
|
Batting: LHB Carlos Guerra
|
0-0: Swinging Strike 0-1: Swinging Strike 0-2: Foul Ball, location: 2F 0-2: Fly out, F7 (Flyball, 7S, EV 82.5 MPH)
|
| Top of the 1st over - 0 runs, 0 hits, 0 errors, 0 left on base; Brockton 0 - Southern Maryland 0 |
| BOTTOM OF THE 1ST |
|
Southern Maryland Blue Crabs batting - Pitching for Brockton Rox : RHP Jose Escobar
|
|
Pitching: RHP Jose Escobar
|
|
|
Batting: RHB Danny Baeza
|
0-0: Called Strike 0-1: Foul Ball, location: 2F 0-2: Foul Ball, location: 2F 0-2: Ball 1-2: Ground out 1-3 (Groundball, 13S, EV 68.1 MPH)
|
|
Batting: LHB Ralph Braine
|
0-0: Ball 1-0: Ball 2-0: Ground out 2-3 (Groundball, 13S, EV 70.6 MPH)
|
|
Batting: RHB J.J. Basil
|
0-0: Ball 1-0: Called Strike 1-1: Ball 2-1: Swinging Strike 2-2: Foul Ball, location: 2F 2-2: Foul Ball, location: 2F 2-2: Foul Ball, location: 2F 2-2: Strikes out swinging
|
| Bottom of the 1st over - 0 runs, 0 hits, 0 errors, 0 left on base; Brockton 0 - Southern Maryland 0 |
| TOP OF THE 2ND |
|
Brockton Rox batting - Pitching for Southern Maryland Blue Crabs : RHP Mark Lloyd
|
|
Batting: LHB John Buff
|
0-0: Ball 1-0: Foul Ball, location: 2F 1-1: Foul Ball, location: 2F 1-2: Foul Ball, location: 2F 1-2: SINGLE (Line Drive, 6D, EV 95.6 MPH)
|
|
Batting: RHB Jim Hubbard
|
0-0: Ball 1-0: Ball John Buff steals 2nd base (no throw) 2-0: Ball 3-0: Called Strike 3-1: Called Strike 3-2: Foul Ball, location: 2F 3-2: SINGLE (Line Drive, 8RS, EV 107.5 MPH) John Buff to third
|
|
Batting: LHB Aaron Brannon
|
0-0: Ball 1-0: SINGLE (Groundball, 34D, EV 102.5 MPH) (infield hit) John Buff scores Jim Hubbard to second
|
|
Batting: RHB Alex Melendez
|
0-0: Ball 1-0: Foul Ball, location: 2F 1-1: Ground out 5-3 (Groundball, 56S, EV 67.5 MPH) Jim Hubbard to third Aaron Brannon to second
|
|
Batting: RHB Josh Smith
|
0-0: Ball 1-0: Ball 2-0: Swinging Strike 2-1: Called Strike 2-2: SINGLE (Groundball, 6D, EV 101.3 MPH) Jim Hubbard scores Aaron Brannon to third Runner from 3rd tries for Home, SAFE, throw by LF to home
|
|
Batting: RHB Travis Campbell
|
0-0: Foul Ball, location: 2F 0-1: Ball 1-1: Called Strike 1-2: Foul Ball, location: 2F 1-2: Fly out, F5 (Flyball, 5D, EV 88.1 MPH)
|
|
Batting: RHB Sal Rivera
|
0-0: Foul Ball, location: 2F 0-1: Ball 1-1: Ground out 5-3 (Groundball, 5L, EV 89.4 MPH)
|
| Top of the 2nd over - 3 runs, 4 hits, 0 errors, 1 left on base; Brockton 3 - Southern Maryland 0 |
| BOTTOM OF THE 2ND |
|
Southern Maryland Blue Crabs batting - Pitching for Brockton Rox : RHP Jose Escobar
|
|
Batting: LHB Justin Moore
|
0-0: Ball 1-0: Called Strike 1-1: SOLO HOME RUN (Flyball, 8LXD, EV 114.4 MPH), Distance : 459 ft
|
|
Batting: RHB Tony Godley
|
0-0: Called Strike 0-1: Ball 1-1: Ball 2-1: Foul Ball, location: 2F 2-2: Strikes out swinging
|
|
Batting: RHB Mike Pitts
|
0-0: Called Strike 0-1: Ball 1-1: Ground out 5-3 (Groundball, 56, EV 84.4 MPH)
|
|
Batting: RHB Ray Sims
|
0-0: Called Strike 0-1: Swinging Strike 0-2: Ball 1-2: Ball 2-2: Foul Ball, location: 2F 2-2: Foul Ball, location: 2F 2-2: Strikes out swinging
|
| Bottom of the 2nd over - 1 run, 1 hit, 0 errors, 0 left on base; Brockton 3 - Southern Maryland 1 |
| TOP OF THE 3RD |
|
Brockton Rox batting - Pitching for Southern Maryland Blue Crabs : RHP Mark Lloyd
|
|
Batting: RHB Ted Emmerich
|
0-0: Called Strike 0-1: Foul Ball, location: 2F 0-2: Ball 1-2: Strikes out swinging
|
|
Batting: LHB Carlos Guerra
|
0-0: Ground out 4-3 (Groundball, 4, EV 103.8 MPH)
|
|
Batting: LHB John Buff
|
0-0: Called Strike 0-1: Called Strike 0-2: Strikes out swinging
|
| Top of the 3rd over - 0 runs, 0 hits, 0 errors, 0 left on base; Brockton 3 - Southern Maryland 1 |
| BOTTOM OF THE 3RD |
|
Southern Maryland Blue Crabs batting - Pitching for Brockton Rox : RHP Jose Escobar
|
|
Batting: LHB Adam Oldfield
|
0-0: Ball 1-0: Ball 2-0: Fly out, F2 (Popup, 25F, EV 93.1 MPH)
|
|
Batting: RHB Matt Berrier
|
0-0: Fly out, F7 (Flyball, 7LD, EV 87.5 MPH)
|
|
Batting: RHB Danny Baeza
|
0-0: Called Strike 0-1: Ball 1-1: Ball 2-1: Ball 3-1: Called Strike 3-2: Foul Ball, location: 2F 3-2: Strikes out swinging
|
| Bottom of the 3rd over - 0 runs, 0 hits, 0 errors, 0 left on base; Brockton 3 - Southern Maryland 1 |
| TOP OF THE 4TH |
|
Brockton Rox batting - Pitching for Southern Maryland Blue Crabs : RHP Mark Lloyd
|
|
Batting: RHB Jim Hubbard
|
0-0: Foul Ball, location: 2F 0-1: Ball 1-1: Foul Ball, location: 2F 1-2: DOUBLE (Groundball, 5L, EV 103.8 MPH)
|
|
Batting: LHB Aaron Brannon
|
0-0: Foul Ball, location: 2F 0-1: Fly out, F7 (Flyball, 78D, EV 100.6 MPH)
|
|
Batting: RHB Alex Melendez
|
0-0: Ball 1-0: Called Strike 1-1: Called Strike 1-2: Foul Ball, location: 2F 1-2: Ground out 6-3 (Groundball, 56, EV 83.1 MPH)
|
|
Batting: RHB Josh Smith
|
0-0: Ball 1-0: Fly out, F5 (Popup, 6S, EV 68.1 MPH)
|
| Top of the 4th over - 0 runs, 1 hit, 0 errors, 1 left on base; Brockton 3 - Southern Maryland 1 |
| BOTTOM OF THE 4TH |
|
Southern Maryland Blue Crabs batting - Pitching for Brockton Rox : RHP Jose Escobar
|
|
Batting: LHB Ralph Braine
|
0-0: Called Strike 0-1: Ball 1-1: Ball 2-1: Ball 3-1: Called Strike 3-2: Base on Balls
|
|
Batting: RHB J.J. Basil
|
0-0: Ball 1-0: Called Strike 1-1: Called Strike 1-2: Fly out, F9 (Line Drive, 9, EV 108.1 MPH)
|
|
Batting: LHB Justin Moore
|
0-0: Called Strike Ralph Braine steals 2nd base 0-1: Swinging Strike 0-2: Strikes out swinging
|
|
Batting: RHB Tony Godley
|
0-0: Ball 1-0: Ball 2-0: SINGLE (Flyball, 5D, EV 100.0 MPH) Ralph Braine to third Runner from 3rd tries for Home, throw by LF and OUT! 7-2
|
| Bottom of the 4th over - 0 runs, 1 hit, 0 errors, 1 left on base; Brockton 3 - Southern Maryland 1 |
| TOP OF THE 5TH |
|
Brockton Rox batting - Pitching for Southern Maryland Blue Crabs : RHP Mark Lloyd
|
|
Batting: RHB Travis Campbell
|
0-0: Foul Ball, location: 2F 0-1: Called Strike 0-2: Ball 1-2: Ball 2-2: Ball 3-2: SINGLE (Groundball, 5S, EV 66.9 MPH) (infield hit)
|
|
Batting: RHB Sal Rivera
|
0-0: Ball 1-0: Ball Travis Campbell steals 2nd base 2-0: Ball 3-0: Called Strike 3-1: Foul Ball, location: 2F 3-2: Base on Balls
|
|
Batting: RHB Ted Emmerich
|
0-0: Ball 1-0: Ball 2-0: Called Strike 2-1: Foul Ball, location: 2F 2-2: Foul Ball, location: 2F 2-2: Foul Ball, location: 2F 2-2: Foul Ball, location: 2F 2-2: Ball 3-2: Strikes out swinging
|
|
Batting: LHB Carlos Guerra
|
0-0: Called Strike 0-1: Swinging Strike 0-2: Strikes out looking
|
|
Batting: LHB John Buff
|
0-0: Foul Ball, location: 2F 0-1: Ground out 4-3 (Groundball, 4, EV 84.4 MPH)
|
| Top of the 5th over - 0 runs, 1 hit, 0 errors, 2 left on base; Brockton 3 - Southern Maryland 1 |
| BOTTOM OF THE 5TH |
|
Southern Maryland Blue Crabs batting - Pitching for Brockton Rox : RHP Jose Escobar
|
|
Batting: RHB Mike Pitts
|
0-0: Ball 1-0: Ball 2-0: Called Strike 2-1: Ball 3-1: SINGLE (Groundball, 6MD, EV 102.5 MPH)
|
|
Batting: RHB Ray Sims
|
0-0: Ball 1-0: Called Strike 1-1: Fly out, F8 (Flyball, 8RM, EV 85.0 MPH)
|
|
Batting: LHB Adam Oldfield
|
0-0: Foul Ball, location: 2F 0-1: Ball 1-1: Ball 2-1: Foul Ball, location: 2F 2-2: Foul Ball, location: 2F 2-2: Ball 3-2: DOUBLE (Line Drive, 9LS, EV 95.0 MPH) Mike Pitts to third Runner from 3rd tries for Home, SAFE, no throw by RF
|
|
Batting: RHB Matt Berrier
|
0-0: Foul Ball, location: 2F 0-1: Ball 1-1: Called Strike 1-2: Ball 2-2: Foul Ball, location: 2F 2-2: Foul Ball, location: 2F 2-2: Foul Ball, location: 2F 2-2: Foul Ball, location: 2F 2-2: Foul Ball, location: 2F 2-2: Ball 3-2: Base on Balls
|
|
Pitching: RHP Danny Marquez
|
|
|
Batting: RHB Danny Baeza
|
0-0: Called Strike 0-1: Called Strike 0-2: Ball 1-2: Strikes out looking and he ARGUES THE CALL AND IS TOSSED!
|
|
Batting: LHB Ralph Braine
|
0-0: Called Strike 0-1: Foul Ball, location: 2F 0-2: Strikes out swinging
|
| Bottom of the 5th over - 1 run, 2 hits, 0 errors, 2 left on base; Brockton 3 - Southern Maryland 2 |
| TOP OF THE 6TH |
|
Brockton Rox batting - Pitching for Southern Maryland Blue Crabs : RHP Mark Lloyd
|
|
Batting: RHB Jim Hubbard
|
0-0: Ball 1-0: Foul Ball, location: 2F 1-1: Ball 2-1: Fly out, F3 (Line Drive, 3, EV 76.9 MPH)
|
|
Batting: LHB Aaron Brannon
|
0-0: Ball 1-0: Ball 2-0: Foul Ball, location: 2F 2-1: Ball 3-1: Ground out 1-3 (Groundball, 34S, EV 64.4 MPH)
|
|
Batting: RHB Alex Melendez
|
0-0: Ball 1-0: Called Strike 1-1: Foul Ball, location: 2F 1-2: Ball 2-2: SINGLE (Groundball, 56D, EV 97.5 MPH)
|
|
Batting: RHB Josh Smith
|
0-0: Fly out, F7 (Flyball, 7D, EV 94.4 MPH)
|
| Top of the 6th over - 0 runs, 1 hit, 0 errors, 1 left on base; Brockton 3 - Southern Maryland 2 |
| BOTTOM OF THE 6TH |
|
Southern Maryland Blue Crabs batting - Pitching for Brockton Rox : RHP Danny Marquez
|
|
Batting: RHB J.J. Basil
|
0-0: Ball 1-0: Called Strike 1-1: Ball 2-1: Ball 3-1: Ground out U3 (Groundball, 3, EV 90.0 MPH)
|
|
Batting: LHB Justin Moore
|
0-0: Ball 1-0: Fly out, F8 (Flyball, 78M, EV 93.8 MPH)
|
|
Batting: RHB Tony Godley
|
0-0: Ball 1-0: Called Strike 1-1: Called Strike 1-2: Fly out, F7 (Flyball, 7, EV 84.4 MPH)
|
| Bottom of the 6th over - 0 runs, 0 hits, 0 errors, 0 left on base; Brockton 3 - Southern Maryland 2 |
| TOP OF THE 7TH |
|
Brockton Rox batting - Pitching for Southern Maryland Blue Crabs : RHP Mark Lloyd
|
|
Batting: RHB Travis Campbell
|
0-0: Called Strike 0-1: Ball 1-1: Fly out, F6 (Flyball, 6MD, EV 82.5 MPH)
|
|
Batting: RHB Sal Rivera
|
0-0: Ball 1-0: Fly out, F6 (Popup, 6M, EV 52.5 MPH)
|
|
Batting: RHB Ted Emmerich
|
0-0: SINGLE (Groundball, 34D, EV 96.9 MPH)
|
|
Pitching: RHP Casey Tietjen
|
|
|
Batting: LHB Carlos Guerra
|
0-0: Called Strike Ted Emmerich steals 2nd base 0-1: Ball 1-1: Ball 2-1: Foul Ball, location: 2F 2-2: Foul Ball, location: 2F 2-2: Foul Ball, location: 2F 2-2: Ball 3-2: Fly out, F8 (Flyball, 8RD, EV 98.8 MPH)
|
| Top of the 7th over - 0 runs, 1 hit, 0 errors, 1 left on base; Brockton 3 - Southern Maryland 2 |
| BOTTOM OF THE 7TH |
|
Southern Maryland Blue Crabs batting - Pitching for Brockton Rox : RHP Danny Marquez
|
|
Batting: RHB Mike Pitts
|
0-0: Ground out 4-3 (Groundball, 4M, EV 97.5 MPH)
|
|
Batting: RHB Ray Sims
|
0-0: Foul Ball, location: 2F 0-1: Fly out, F3 (Popup, 3S, EV 70.6 MPH)
|
|
Batting: LHB Adam Oldfield
|
0-0: Ball 1-0: Ball 2-0: Ball 3-0: Called Strike 3-1: Foul Ball, location: 2F 3-2: Base on Balls
|
|
Batting: RHB Matt Berrier
|
0-0: Foul Ball, location: 2F 0-1: Ground out 5-3 (Groundball, 56S, EV 63.1 MPH)
|
| Bottom of the 7th over - 0 runs, 0 hits, 0 errors, 1 left on base; Brockton 3 - Southern Maryland 2 |
| TOP OF THE 8TH |
|
Brockton Rox batting - Pitching for Southern Maryland Blue Crabs : RHP Casey Tietjen
|
|
Batting: LHB John Buff
|
0-0: Called Strike 0-1: Ball 1-1: Foul Ball, location: 2F 1-2: SINGLE (Line Drive, 89M, EV 106.9 MPH)
|
|
Batting: RHB Jim Hubbard
|
0-0: Called Strike 0-1: Swinging Strike 0-2: Ball 1-2: Ball 2-2: Grounds into double play, 4-6-3 (Groundball, 4, EV 106.3 MPH)
|
|
Batting: LHB Aaron Brannon
|
0-0: Ball 1-0: Ball 2-0: Ground out U3 (Groundball, 34, EV 81.3 MPH)
|
| Top of the 8th over - 0 runs, 1 hit, 0 errors, 0 left on base; Brockton 3 - Southern Maryland 2 |
| BOTTOM OF THE 8TH |
|
Southern Maryland Blue Crabs batting - Pitching for Brockton Rox : RHP Danny Marquez
|
|
Pitching: RHP Joseph Anderson
|
|
|
Batting: RHB Ismael Macedo
|
0-0: Fly out, F7 (Flyball, 78M, EV 98.8 MPH)
|
|
Batting: LHB Ralph Braine
|
0-0: Ball 1-0: Swinging Strike 1-1: Called Strike 1-2: Foul Ball, location: 2F 1-2: Ground out 4-3 (Groundball, 4M, EV 103.8 MPH)
|
|
Batting: RHB J.J. Basil
|
0-0: SINGLE (Line Drive, 6MD, EV 98.1 MPH)
|
|
Batting: LHB Justin Moore
|
0-0: Called Strike 0-1: Ball 1-1: Ball 2-1: Foul Ball, location: 2F 2-2: Foul Ball, location: 2F 2-2: Foul Ball, location: 2F 2-2: Fly out, F7 (Flyball, 7, EV 77.5 MPH)
|
| Bottom of the 8th over - 0 runs, 1 hit, 0 errors, 1 left on base; Brockton 3 - Southern Maryland 2 |
| TOP OF THE 9TH |
|
Brockton Rox batting - Pitching for Southern Maryland Blue Crabs : RHP Casey Tietjen
|
|
Batting: LHB Danny Montoya
|
0-0: Ball 1-0: Fly out, F7 (Flyball, 78S, EV 83.1 MPH)
|
|
Pinch Hitting: LHB Miguel Maymi
|
0-0: Ball 1-0: Foul Ball, location: 2F 1-1: Swinging Strike 1-2: SINGLE (Groundball, 56S, EV 67.5 MPH) (infield hit)
|
|
Batting: RHB Travis Campbell
|
0-0: Called Strike 0-1: Ball 1-1: Foul Ball, location: 2F 1-2: Ball 2-2: Ball Passed Ball! Miguel Maymi to second 3-2: Foul Ball, location: 2F 3-2: Foul Ball, location: 2F 3-2: Foul Ball, location: 2F 3-2: Ground out 4-3 (Groundball, 4M, EV 84.4 MPH) Miguel Maymi to third
|
|
Batting: RHB Sal Rivera
|
0-0: Foul Ball, location: 2F 0-1: Ball 1-1: Ground out 6-3 (Groundball, 6, EV 83.8 MPH)
|
| Top of the 9th over - 0 runs, 1 hit, 0 errors, 1 left on base; Brockton 3 - Southern Maryland 2 |
| BOTTOM OF THE 9TH |
|
Southern Maryland Blue Crabs batting - Pitching for Brockton Rox : RHP Joseph Anderson
|
|
Pitching: LHP Chris Deans
|
|
|
Now at C: Mike Hutcheson
|
|
|
Batting: RHB Tony Godley
|
0-0: Ball 1-0: SINGLE (Line Drive, 4D, EV 101.9 MPH)
|
|
Batting: RHB Mike Pitts
|
0-0: Called Strike 0-1: Ball 1-1: Ball 2-1: Foul Ball, location: 2F 2-2: Ball 3-2: SINGLE (Flyball, 8RS, EV 89.4 MPH) Tony Godley to second
|
|
Batting: RHB Ray Sims
|
0-0: Ball 1-0: Bunted foul 1-1: Sac Bunt to 5S - play at first, batter OUT! 5-4 Tony Godley to third Mike Pitts to second
|
|
Pinch Hitting: RHB Daniel Jackson
|
0-0: Intentional Walk
|
|
Batting: RHB Matt Berrier
|
0-0: Foul Ball, location: 2F 0-1: Fly out, F9 (Line Drive, 9, EV 88.1 MPH)
|
|
Batting: RHB Ismael Macedo
|
0-0: Ball 1-0: Called Strike 1-1: Foul Ball, location: 2F 1-2: Foul Ball, location: 2F 1-2: Ball 2-2: Fly out, F9 (Flyball, 9S, EV 71.3 MPH)
|
| Bottom of the 9th over - 0 runs, 2 hits, 0 errors, 3 left on base; Brockton 3 - Southern Maryland 2 |
|